 Dungeon Crawl Stone Soup version 0.28-a0-1545-g945cd3f27e (webtiles) character file.

Game seed: 11361980736637235379

283 BritishOli the Ducker (level 6, -4/47 HPs)
             Began as a Demonspawn Gladiator on Jan 18, 2022.
             Slain by a steam dragon (10 damage)
             ... on level 7 of the Dungeon.
             The game lasted 00:02:15 (3255 turns).

BritishOli the Ducker (Demonspawn Gladiator)        Turns: 3255, Time: 00:02:16

Health: -4/47      AC:  4    Str: 16    XL:     6   Next: 7%
Magic:  6/6        EV: 13    Int: 10    God:
Gold:   149        SH:  5    Dex: 14    Spells: 5/5 levels left

rFire   . . .      SeeInvis .   a - +0 war axe
rCold   . . .      Faith    .   (no shield)
rNeg    . . .      Spirit   .   b - +0 leather armour
rPois   .          Reflect  +   c - +0 helmet
rElec   .          Harm     .   (no cloak)
rCorr   .          Rampage  .   (no gloves)
Will    .....                   (no boots)
Stlth   +.........              g - amulet of reflection
HPRegen 0.15/turn               (no ring)
MPRegen 0.10/turn               (no ring)

@: no status effects
A: demonic guardian 1
a: no special abilities


You were on level 7 of the Dungeon.
You visited 1 branch of the dungeon, and saw 6 of its levels.

You collected 149 gold pieces.

Inventory:

Hand Weapons
 a - a +0 war axe (weapon)
Missiles
 d - 3 throwing nets (quivered)
Armour
 b - a +0 leather armour (worn)
 c - a +0 helmet (worn)
Jewellery
 g - an amulet of reflection (around neck)
Scrolls
 f - 4 scrolls of vulnerability {unknown}
 i - a scroll of teleportation {unknown}
 m - 2 scrolls of magic mapping {unknown}
Potions
 e - a potion of resistance {unknown}
 h - a potion of degeneration {unknown}
 j - 4 potions of curing {unknown}
 k - 2 potions of haste {unknown}
 l - a potion of ambrosia {unknown}
 n - a potion of attraction {unknown}


   Skills:
 + Level 3.5 Fighting
 + Level 3.8 Axes
 - Level 2.2 Throwing
 + Level 2.1 Armour
 + Level 3.9 Dodging


You had 5 spell levels left.
You didn't know any spells.
Your spell library contained the following spells:

 Spells                   Type           Power      Damage    Failure   Level
 Shock                    Conj/Air       0%         1d3       43%         1
 Sublimation of Blood     Necr           0%         N/A       56%         2
 Wereblood                Tmut           0%         N/A       56%         2
 Swiftness                Air            0%         N/A       80%         3
 Airstrike                Air            0%         N/A       99%         4
 Summon Hydra             Summ           0%         N/A       100%        7


Dungeon Overview and Level Annotations

Branches:
Dungeon (7/15)             Temple (0/1) D:7

Altars:

Annotations:
D:2 1 runed translucent door, Crazy Yiuf


Innate Abilities, Weirdness & Mutations

A weak demonic guardian rushes to your aid.


Message History

The helpless steam dragon fails to defend itself.
You hit the steam dragon but do no damage.
The steam dragon bites you. The steam dragon completely misses you.
You hit the steam dragon.
The steam dragon is lightly wounded.
The steam dragon bites you. The steam dragon claws you.
You hit the steam dragon but do no damage.
The steam dragon is lightly wounded.
The steam dragon bites you. The steam dragon misses you.
You barely miss the steam dragon.
The steam dragon is lightly wounded.
The steam dragon breathes steam at you. The ball of steam hits you.
The steam dragon closely misses you. The steam dragon claws you.
You hit the steam dragon but do no damage.
The steam dragon is lightly wounded.
You are engulfed in a cloud of scalding steam.
You block the steam dragon's attack. x2
You hit the steam dragon but do no damage.
The steam dragon is lightly wounded.
You are engulfed in a cloud of scalding steam.
The steam dragon barely misses you. The steam dragon claws you.
You slash the steam dragon!
The steam dragon is moderately wounded.
The steam dragon breathes steam at you. The ball of steam misses you.
The steam dragon bites you but does no damage.
The steam dragon claws you but does no damage.
You hit the steam dragon. Your punch misses the steam dragon.
The steam dragon is heavily wounded.
You are engulfed in a cloud of scalding steam.
The steam dragon bites you. The steam dragon closely misses you.
You are too injured to fight recklessly!
You are too injured to fight recklessly!
You hit the steam dragon but do no damage.
The steam dragon is heavily wounded.
You are engulfed in a cloud of scalding steam.
* * * LOW HITPOINT WARNING * * *
A demonic guardian appears!
The steam dragon bites you!
You die...

#.###...........
##########.##..##.######)
#.............§##.#
#<########......#.# #.#
#.#§§.##.# #.# #...§....#
#.# ####.##### #.# #§#
#.# #@# #.# #5.D.# #.#
#P.P...# ##.##!..# ..
P...# ..> ....+ P#. P...#
#### ...##


You could see a steam dragon (catching breath, ally target) and a friendly iron
imp (summoned).

Vanquished Creatures
  A hound (D:6)
  A jelly (D:7)
  A bullfrog skeleton (D:5)
  An iguana (D:4)
  Natasha (D:2)
  Robin (D:2)
  5 adders (D:2)
  2 worms (D:2)
  2 dart slugs (D:1)
  8 bats
  An endoplasm (D:1)
  2 giant cockroaches (D:1)
  18 goblins
  7 hobgoblins
  9 jackals
  2 kobolds (D:1)
  4 quokkas
  4 ball pythons
  3 frilled lizards
  5 rats
78 creatures vanquished.

Vanquished Creatures (collateral kills)
  A goblin (D:1)
1 creature vanquished.

Grand Total: 79 creatures vanquished

Notes
Turn   | Place    | Note
-------+----------+-------------------------------------------
     0 | D:1      | BritishOli the Demonspawn Gladiator began the quest for the
                  | Orb.
     0 | D:1      | Reached XP level 1. HP: 16/16 MP: 1/1
   153 | D:1      | Gained mutation: A weak demonic guardian rushes to your
                  | aid. [demonic ancestry]
   153 | D:1      | Reached XP level 2. HP: 12/22 MP: 2/2
   651 | D:1      | Reached XP level 3. HP: 28/28 MP: 3/3
  1511 | D:2      | Noticed Natasha
  1515 | D:2      | Killed Natasha
  1516 | D:2      | Reached XP level 4. HP: 28/34 MP: 4/4
  1616 | D:2      | Found a faded altar of an unknown god.
  1675 | D:2      | Reached skill level 1 in Armour
  2144 | D:2      | Noticed Robin
  2152 | D:2      | Reached XP level 5. HP: 37/41 MP: 5/5
  2158 | D:2      | Killed Robin
  2466 | D:2      | Found a runed translucent door.
  2467 | D:2      | Noticed Crazy Yiuf
  2538 | D:2      | You fall into a shaft and drop 2 floors!
  2697 | D:5      | Entered Level 5 of the Dungeon
  3083 | D:7      | Reached XP level 6. HP: 27/47 MP: 6/6
  3245 | D:7      | Found a staircase to the Ecumenical Temple.
  3245 | D:7      | Noticed a steam dragon
  3255 | D:7      | Slain by a steam dragon

Illustrated notes

Levels and vault maps discovered:
D:1:      elethiomel_arrival_fortress_basement, layout_basic
D:2:      layout_loops_ring, ebering_ecumenical_altar_ruins, minmay_circle_x,
          uniq_robin, uniq_crazy_yiuf_cottage, uniq_natasha
D:4:      layout_basic, mainiacjoe_overflow_chevrons, zin_treasury,
          minmay_hollow_rounded_squares
D:5:      layout_basic, nicolae_specific_store, uniq_menkaure
D:6:      layout_basic, nicolae_kikubaaqudgha_miasma_corner
D:7:      old_forge, layout_loops_corners, minmay_temple_entry_gardened_gates

Skill      XL: |  1  2  3  4  5 |
---------------+----------------+-----
Throwing       | 2 |  2.2
Axes           | 3 |  3.8
Dodging        | 3 |  3.9
Armour         | 1 2 |  2.1
Fighting       | 3 |  3.5

Action                   |  1- 3 |  4- 6 || total
-------------------------+-------+-------++-------
Melee: War axe           |    88 |   112 ||   200
       Punch             |     1 |     1 ||     2
 Stab: Sleeping          |       |     2 ||     2
Armor: Leather armour    |    51 |    37 ||    88
Dodge: Dodged            |    68 |    83 ||   151
Block: Other             |     8 |    20 ||    28

Table legend: (Time is in decaauts)
 A = Elapsed time spent in this place.
 B = Non-inter-level travel time spent in this place.
 C = Inter-level travel time spent in this place.
 D = Time resting spent in this place.
 E = Time spent auto-exploring this place.
 F = Levels seen in this place.
 G = Mean time per level.
                   A        B        C        D        E       F      G
               +--------+--------+--------+--------+--------+-----+--------+
         Total |   3321 |   3303 |     18 |    737 |   2070 |   6 |  553.5 |
       Dungeon |   3321 |   3303 |     18 |    737 |   2070 |   6 |  553.5 |
               +--------+--------+--------+--------+--------+-----+--------+

Top non-repeatable levels by time:
     D:1: 1306 daAuts
     D:2: 1289 daAuts
     D:5: 265 daAuts
     D:7: 179 daAuts
     D:4: 161 daAuts
     D:6: 119 daAuts
